 Dungeon Crawl Stone Soup version 0.26.1-11-gd32895ea62 (webtiles) character file.

Game seed: 14654824255702084595

725 Eitelfritz the Slasher (level 7, -7/60 HPs)
             Began as a Minotaur Gladiator on May 16, 2021.
             Was an Initiate of Wu Jian.
             Mangled by an orc warrior
             ... wielding a +0 war axe
              (11 damage)
             ... on level 5 of the Dungeon.
             The game lasted 00:08:00 (5023 turns).

Eitelfritz the Slasher (Minotaur Gladiator)         Turns: 5023, Time: 00:08:01

Health: -7/60      AC:  7    Str: 24    XL:     7   Next: 43%
Magic:  6/6        EV: 13    Int:  7    God:    Wu Jian [......]
Gold:   257        SH:  0    Dex: 12    Spells: 6/6 levels left

rFire    . . .     SeeInvis .   a - +0 long sword
rCold    . . .     Faith    .   (no shield)
rNeg     . . .     Spirit   .   g - +0 ring mail
rPois    .         Reflect  .   c - +0 hat
rElec    .         Harm     .   q - +0 cloak
rCorr    .         Rampage  .   (no gloves)
Will     .....                  (no boots)
Stlth    +.........             l - amulet of regeneration
HPRegen  0.60/turn              s - +6 ring of strength
MPRegen  0.10/turn              (no ring)

@: no status effects
A: retaliatory headbutt, horns 2
a: Renounce Religion


You were on level 5 of the Dungeon.
You worshipped Wu Jian.
Wu Jian was noncommittal.
You visited 2 branches of the dungeon, and saw 7 of its levels.

You collected 257 gold pieces.

Inventory:

Hand Weapons
 a - a +0 long sword (weapon)
Missiles
 d - 4 throwing nets (quivered)
 h - 8 javelins
 n - 13 poisoned darts
Armour
 c - a +0 hat (worn)
 g - a +0 ring mail (worn)
 q - a +0 cloak (worn)
 v - a +0 scale mail
Jewellery
 l - an amulet of regeneration (around neck)
 s - a +6 ring of strength (left hand)
Wands
 m - a wand of flame (8)
Scrolls
 i - 3 scrolls of teleportation
 j - 2 scrolls of identify
 u - a scroll of remove curse
Potions
 b - a potion of might {unknown}
 e - 2 potions of berserk rage
 f - a potion of invisibility {unknown}
 k - 2 potions of curing
 o - 2 potions of resistance
 p - 2 potions of ambrosia {unknown}
 r - a potion of mutation {unknown}
 t - 3 potions of heal wounds {unknown}


   Skills:
 + Level 4.4 Fighting
 + Level 7.5 Long Blades
 + Level 2.3 Throwing
 + Level 4.2 Armour
 + Level 4.8 Dodging
 + Level 0.4 Stealth


You had 6 spell levels left.
You didn't know any spells.
Your spell library contained the following spells:

 Spells                   Type           Power        Failure   Level
 Magic Dart               Conj           0%           56%         1
 Searing Ray              Conj           0%           71%         2
 Dazzling Flash           Conj/Hex       0%           91%         3
 Fulminant Prism          Conj/Hex       0%           100%        4
 Iskenderun's Mystic Bla  Conj/Tloc      0%           100%        4


Dungeon Overview and Level Annotations

Branches:
Dungeon (6/15)             Temple (1/1) D:4

Altars:
Ashenzari
Cheibriados
Dithmenos
Elyvilon
Fedhas
Gozag
Hepliaklqana
Makhleb
Nemelex Xobeh
Okawaru
Sif Muna
Trog
Uskayaw
Vehumet
Wu Jian
Xom
Yredelemnul
Zin
Lugonu

Annotations:
D:3 2 transporters


Innate Abilities, Weirdness & Mutations

You reflexively headbutt those who attack you in melee.
You have a pair of horns on your head.


Message History

The orc warrior barely misses you.
You riposte.
You barely miss the orc warrior. Your headbutt misses the orc warrior.
You hit the orc warrior but do no damage.
The orc warrior hits you with a +0 war axe!
You barely miss the orc warrior. The orc warrior barely misses you.
You riposte.
You closely miss the orc warrior. You hit the orc warrior.
Your headbutt misses the orc warrior.
The orc warrior is lightly wounded.
The orc warrior hits you with a +0 war axe.
You barely miss the orc warrior. You headbutt the orc warrior!
The orc warrior is heavily wounded.
The orc warrior hits you with a +0 war axe!!
* * * LOW HITPOINT WARNING * * *
You hit the orc warrior but do no damage.
The orc warrior is heavily wounded.
You hit the orc warrior.
You headbutt the orc warrior, but do no damage.
The orc warrior is heavily wounded.
The orc warrior hits you with a +0 war axe!
You die...

########## #####
#.........
#.o.#####.####....
#@)............###
#...####.......#
##.## #..####.#
#.# #..# #.# #.#
#..# #.# #.# #..#
#.# #.#
#<.####.### #.#
#.......... #.#
#.########.


You could see an orc warrior.

Vanquished Creatures
  A phantom (D:3)
  An ogre (D:4)
  2 scorpions (D:4)
  A jelly (D:5)
  2 orc wizards
  An iguana (D:5)
  8 worker ants
  6 adders
  A shadow imp (D:5)
  An ufetubus (D:5)
  A worm (D:3)
  4 dart slugs
  6 leopard geckos
  9 orcs
  4 giant cockroaches
  8 goblins
  3 hobgoblins (D:1)
  5 jackals (D:4)
  2 quokkas
  6 bats
  6 frilled lizards
  A jackal skeleton (D:4)
  5 kobolds
  A quokka skeleton (D:4)
  5 rats
90 creatures vanquished.

Notes
Turn   | Place    | Note
-------+----------+-------------------------------------------
     0 | D:1      | Eitelfritz the Minotaur Gladiator began the quest for the
                  | Orb.
     0 | D:1      | Reached XP level 1. HP: 18/18 MP: 0/0
   221 | D:1      | Reached XP level 2. HP: 25/25 MP: 1/1
   231 | D:1      | Reached skill level 4 in Long Blades
  1329 | D:2      | Found a bloodstained altar of Trog.
  1354 | D:2      | Reached XP level 3. HP: 25/30 MP: 2/2
  1479 | D:2      | Found a snail-covered altar of Cheibriados.
  1628 | D:2      | Reached skill level 1 in Armour
  1888 | D:3      | Reached XP level 4. HP: 37/37 MP: 3/3
  1936 | D:3      | Reached skill level 5 in Long Blades
  2175 | D:3      | Found a transporter.
  2183 | D:3      | Noticed a phantom
  2223 | D:3      | Killed a phantom
  2224 | D:3      | Reached XP level 5. HP: 36/45 MP: 4/4
  2392 | D:3      | Found a transporter.
  2401 | D:3      | Noticed a kobold demonologist
  2543 | D:3      | Found a hazy altar of Hepliaklqana.
  3053 | D:4      | Reached XP level 6. HP: 42/51 MP: 5/5
  3181 | D:4      | Found a staircase to the Ecumenical Temple.
  3190 | Temple   | Entered the Ecumenical Temple
  3290 | D:4      | Reached skill level 6 in Long Blades
  3430 | D:4      | Found a snail-covered altar of Cheibriados.
  3430 | D:4      | Found an iron altar of Okawaru.
  3434 | D:4      | Found a basalt altar of Yredelemnul.
  3434 | D:4      | Found a white marble altar of Elyvilon.
  3545 | D:4      | Reached XP level 7. HP: 58/59 MP: 6/6
  3935 | D:4      | Found a sparkling altar of Nemelex Xobeh.
  3935 | D:4      | Found an opulent altar of Gozag.
  3981 | D:5      | Entered Level 5 of the Dungeon
  4089 | D:5      | Found an ornate altar of the Wu Jian Council.
  4094 | D:5      | Noticed a spectral centipede
  4094 | D:5      | Noticed a spectral black mamba
  4094 | D:5      | Noticed a spectral cane toad
  4095 | D:5      | Became a worshipper of the Wu Jian Council
  4122 | D:5      | Found a shadowy altar of Dithmenos.
  4260 | D:5      | Reached skill level 7 in Long Blades
  5021 | D:5      | HP: 2/60 [orc warrior/+0 war axe (19)]
  5023 | D:5      | Mangled by an orc warrior

Illustrated notes

Levels and vault maps discovered:
D:1:      grunt_arrival_crossed_arrows, layout_basic, minmay_splitting_lines,
          minmay_tiny_reverse_x
D:2:      layout_basic, bloody_trog, nrook_campfire, cheibriados_altar_1
D:3:      gammafunk_wand_slinger, layout_rooms, nzn_hepliaklqana_mist_gate
D:4:      layout_basic, grunt_temple_overflow_opulence,
          grunt_temple_overflow_open, minmay_temple_entry_ruins
D:5:      layout_loops_ring, pdpol_wu_jian_five_deadly_venoms, kennysheep_mini,
          st_stairs_13, chequers_serial_rivers_room_a
D:6:      layout_cave_pods, old_standard_altar, serial_shops,
          kennysheep_little_box, shop, shop
Temple:   corrupted_temple

Skill      XL: |  1  2  3  4  5  6  7 |
---------------+----------------------+-----
Long Blades    | 4 5 6 7 |  7.5
Armour         | 1 2 3 4 |  4.2
Fighting       | 3 4 |  4.4
Dodging        | 4 |  4.8
Throwing       | |  2.3
Stealth        | |  0.4

Action                   |  1- 3 |  4- 6 |  7- 9 || total
-------------------------+-------+-------+-------++-------
Melee: Long sword        |    67 |   102 |    77 ||   246
       Headbutt          |    11 |    14 |    20 ||    45
Invok: Lunge             |       |       |     3 ||     3
  Use: Scroll            |       |     8 |     2 ||    10
Armor: Leather armour    |     2 |       |       ||     2
       Ring mail         |    18 |    34 |    28 ||    80
Dodge: Dodged            |    54 |    70 |    49 ||   173
       Rpst.: Long sword |    15 |    19 |    21 ||    55
